 Dungeon Crawl Stone Soup version 0.29.0-11-gd7f09526c8 (webtiles) character file.

Game seed: 8383472967597350040

2146 Ijustatesigmund the Magician (level 9, -4/65 HPs)
             Began as a Gnoll Earth Elementalist on Sept 6, 2022.
             Slain by a gnoll sergeant
             ... wielding a +3 spear of venom
              (7 damage)
             ... on level 6 of the Dungeon.
             The game lasted 00:14:44 (10426 turns).

Ijustatesigmund the Magician (GnEE)                Turns: 10426, Time: 00:14:45

Health: -4/65      AC:  4    Str:  9    XL:     9   Next: 31%
Magic:  13/19      EV: 18    Int: 16    God:
Gold:   362        SH:  0    Dex: 14    Spells: 9/21 levels left

rFire   . . .      SeeInvis .   k - +7 spear
rCold   . . .      Faith    .   (no shield)
rNeg    . . .      Spirit   .   c - +0 leather armour
rPois   .          Reflect  .   t - +1 hat
rElec   +          Harm     .   (no cloak)
rCorr   .          Rampage  .   (no gloves)
Will    .....                   (no boots)
Stlth   +++.......              (no amulet)
HPRegen 0.20/turn               j - +4 ring of evasion
MPRegen 0.16/turn               (no ring)

@: lethally poisoned (-4 -> -17)
A: fangs 1, strong nose, distributed training, electricity resistance
a: no special abilities


You were on level 6 of the Dungeon.
You visited 1 branch of the dungeon, and saw 6 of its levels.
You also visited: Sewer.

You collected 362 gold pieces.

Inventory:

Hand Weapons
 i - a +0 war axe
 k - a +7 spear (weapon)
Missiles
 h - 4 throwing nets
Armour
 c - a +0 leather armour (worn)
 t - a +1 hat (worn)
Jewellery
 j - a +4 ring of evasion (left hand)
Wands
 l - a wand of roots (11)
Scrolls
 d - a scroll of blinking
 m - 5 scrolls of teleportation
 q - a scroll of fear
 u - a scroll of butterflies
Potions
 b - a potion of magic
 e - 2 potions of haste
 f - 3 potions of brilliance
 g - 2 potions of resistance
 n - 3 potions of might
 o - 2 potions of mutation
 p - 2 potions of invisibility {unknown}
 r - a potion of flight {unknown}
 s - a potion of curing {unknown}


   Skills:
 + Level 4.2 Fighting
 + Level 4.2 Short Blades
 + Level 4.2 Long Blades
 + Level 4.2 Axes
 + Level 4.2 Maces & Flails
 + Level 4.2 Polearms
 + Level 4.2 Staves
 + Level 4.2 Ranged Weapons
 + Level 4.2 Throwing
 + Level 4.2 Armour
 + Level 6.3 Dodging
 + Level 6.0 Stealth
 + Level 4.2 Shields
 + Level 4.2 Unarmed Combat
 + Level 6.6 Spellcasting
 + Level 3.5 Conjurations
 + Level 3.5 Hexes
 + Level 3.5 Summonings
 + Level 3.5 Necromancy
 + Level 3.5 Translocations
 + Level 4.2 Transmutations
 + Level 3.5 Fire Magic
 + Level 3.5 Ice Magic
 + Level 3.5 Air Magic
 + Level 6.5 Earth Magic
 + Level 3.5 Poison Magic
 + Level 4.7 Invocations
 + Level 4.2 Evocations


You had 9 spell levels left.
You knew the following spells:

 Your Spells              Type           Power      Damage    Failure   Level
a - Sandblast             Erth           52%        2d12      1%          1
b - Stone Arrow           Conj/Erth      42%        3d9       7%          3
c - Passwall              Tmut/Erth      18%        N/A       3%          2
d - Blink                 Tloc           32%        N/A       6%          2
e - Dispel Undead         Necr           16%        3d10      38%         4

Your spell library contained the following spells:

 Spells                   Type           Power      Damage    Failure   Level
 Ensorcelled Hibernation  Hex/Ice        32%        N/A       6%          2
 Static Discharge         Conj/Air       16%        3-5/arc   6%          2
 Portal Projectile        Hex/Tloc       32%        N/A       12%         3
 Swiftness                Air            16%        N/A       12%         3
 Tukima's Dance           Hex            16%        N/A       12%         3
 Petrify                  Tmut/Erth      22%        N/A       19%         4
 Sticky Flame             Conj/Fire      16%        2d4       38%         4
 Blade Hands              Tmut           9%         N/A       65%         5
 Manifold Assault         Tloc           16%        N/A       75%         5
 Storm Form               Tmut/Air       8%         N/A       100%        7


Dungeon Overview and Level Annotations

Branches:
Dungeon (6/15)              Sewer (visited)
 Temple: D:4-7

Altars:
Dithmenos
Vehumet


Innate Abilities, Weirdness & Mutations

You have very sharp teeth.
Your uncanny sense of smell can sniff out nearby items.
Your experience applies equally to all skills.
You are resistant to electric shocks. (rElec)


Message History

The gnoll sergeant barely misses you.
You reach to attack!
You completely miss the gnoll sergeant.
The gnoll sergeant is severely wounded.
You feel sick. The gnoll sergeant closely misses you.
You reach to attack!
The gnoll sergeant blocks your attack.
The gnoll sergeant is severely wounded.
You feel sick.
The gnoll sergeant hits you from afar with a +3 spear of venom.
You are more poisoned.
You are too injured to fight recklessly!
Casting: Stone Arrow (dangerous; 7% risk of failure)
Confirm with . or Enter, or press ? or * to list all spells.
Aiming: Stone Arrow (dangerous; 7% risk of failure)
Press: ? - help, Shift-Dir - straight line, f/p - gnoll sergeant
Aim: a gnoll sergeant, wielding a +3 spear of venom, wearing a +0 ring mail and wearing a +0 buckler (severely wounded, 79% to hit)
The stone arrow hits the gnoll sergeant but does no damage.
The gnoll sergeant is severely wounded.
You feel very sick.
The gnoll sergeant hits you from afar with a +3 spear of venom!
* * * LOW HITPOINT WARNING * * *
You are more poisoned.
You feel much better.
You feel very sick.
The gnoll sergeant hits you from afar with a +3 spear of venom!
* * * LOW HITPOINT WARNING * * *
Casting: Stone Arrow (dangerous; 7% risk of failure)
Confirm with . or Enter, or press ? or * to list all spells.
Aiming: Stone Arrow (dangerous; 7% risk of failure)
Press: ? - help, Shift-Dir - straight line, f/p - gnoll sergeant
Aim: a gnoll sergeant, wielding a +3 spear of venom, wearing a +0 ring mail and wearing a +0 buckler (severely wounded, 79% to hit)
The stone arrow misses the gnoll sergeant.
* * * LOW HITPOINT WARNING * * *
You feel very sick.
The gnoll sergeant completely misses you.
It was a potion of mutation.
You feel extremely strange.
You feel insulated.
* * * LOW HITPOINT WARNING * * *
You feel very sick.
The gnoll sergeant hits you from afar with a +3 spear of venom!
You die...

.......#.#....#####..............
.......#.#.#.##...##...#.........
...........)##.....#####.........
............#.......####.........
........##.##..._...#............
#.#####.##.##.......####.........
#'#####.##.###....g##..........##
.............##...##<###.###...#.
...####.####.###@###.# #.# #...#.
...# #.# #.......#.# ### #...#.
...# #.# #########.# #...#. ...#
### #.. ....#. ...# #.# ##...#.
...# >.# #...#. ...# #.# #...#.
...# . ...# #


You could see a gnoll sergeant.

Vanquished Creatures
  Menkaure (D:4)
  4 ogres
  2 phantoms
  A kobold brigand (Sewer)
  5 scorpions
  2 necrophages (D:6)
  5 wights (D:6)
  2 hounds
  4 orc priests
  2 jellies
  A gnoll bouda (D:3)
  2 iguanas
  An orc wizard (D:5)
  17 gnolls
  9 adders
  6 river rats
  A white imp (D:5)
  An ufetubus (D:6)
  A worm (D:2)
  4 dart slugs
  10 orcs
  16 endoplasms
  3 giant cockroaches
  4 goblins
  6 hobgoblins
  19 jackals
  19 kobolds
  5 quokkas
  7 ball pythons
  3 bats
  9 frilled lizards
  12 rats
184 creatures vanquished.

Vanquished Creatures (others)
  5 fungi (D:3)
  6 plants (Sewer)
  7 toadstools (D:3)
18 creatures vanquished.

Grand Total: 202 creatures vanquished

Notes
Turn   | Place    | Note
-------+----------+-------------------------------------------
     0 | D:1      | Ijustatesigmund the Gnoll Earth Elementalist began the
                  | quest for the Orb.
     0 | D:1      | Reached XP level 1. HP: 13/13 MP: 6/6
   250 | D:1      | Reached XP level 2. HP: 19/19 MP: 5/7
   838 | D:1      | Reached skill level 5 in Spellcasting
   838 | D:1      | Reached XP level 3. HP: 25/25 MP: 3/9
  1144 | D:1      | Reached skill level 1 in Invocations
  1370 | D:1      | Reached skill level 1 in Fighting
  1370 | D:1      | Reached skill level 1 in Short Blades
  1370 | D:1      | Reached skill level 1 in Long Blades
  1370 | D:1      | Reached skill level 1 in Axes
  1370 | D:1      | Reached skill level 1 in Maces & Flails
  1370 | D:1      | Reached skill level 1 in Polearms
  1370 | D:1      | Reached skill level 1 in Staves
  1370 | D:1      | Reached skill level 1 in Ranged Weapons
  1370 | D:1      | Reached skill level 1 in Throwing
  1370 | D:1      | Reached skill level 1 in Armour
  1370 | D:1      | Reached skill level 1 in Shields
  1370 | D:1      | Reached skill level 1 in Unarmed Combat
  1370 | D:1      | Reached skill level 1 in Evocations
  1587 | D:2      | Found a faded altar of an unknown god.
  2155 | D:2      | Reached XP level 4. HP: 22/32 MP: 7/11
  2263 | D:2      | Reached skill level 1 in Conjurations
  2263 | D:2      | Reached skill level 1 in Hexes
  2263 | D:2      | Reached skill level 1 in Summonings
  2263 | D:2      | Reached skill level 1 in Necromancy
  2263 | D:2      | Reached skill level 1 in Translocations
  2263 | D:2      | Reached skill level 1 in Fire Magic
  2263 | D:2      | Reached skill level 1 in Ice Magic
  2263 | D:2      | Reached skill level 1 in Air Magic
  2263 | D:2      | Reached skill level 1 in Poison Magic
  2514 | D:2      | Learned a level 3 spell: Stone Arrow
  2517 | D:2      | Learned a level 2 spell: Passwall
  2520 | D:2      | Learned a level 2 spell: Blink
  3189 | D:3      | Reached XP level 5. HP: 37/37 MP: 9/12
  3219 | D:3      | Found a shadowy altar of Dithmenos.
  3958 | D:3      | Reached XP level 6. HP: 44/44 MP: 2/14
  3968 | D:3      | Reached skill level 5 in Dodging
  5519 | D:4      | Noticed Menkaure
  5530 | D:4      | Killed Menkaure
  5531 | D:4      | Reached XP level 7. HP: 27/51 MP: 3/15
  6612 | D:5      | Entered Level 5 of the Dungeon
  6621 | D:5      | Reached skill level 5 in Stealth
  6793 | D:5      | Found a glowing drain.
  6810 | D:5      | Reached XP level 8. HP: 30/58 MP: 11/16
  6817 | Sewer    | Entered a sewer
  8088 | D:5      | Learned a level 4 spell: Dispel Undead
  9355 | D:6      | Reached XP level 9. HP: 65/65 MP: 5/18
 10413 | D:6      | Found a radiant altar of Vehumet.
 10426 | D:6      | Gained mutation: You are resistant to electric shocks.
                  | (rElec) [potion of mutation]
 10426 | D:6      | HP: 3/65 [poisoned by a gnoll sergeant]
 10426 | D:6      | Slain by a gnoll sergeant

Illustrated notes

Levels and vault maps discovered:
D:1:      evilmike_arrival_rings, layout_basic, grunt_decor_arrowhead
D:2:      layout_loops_corners, shapermc_ecumenical_altar_acropolis,
          nicolae_titane
D:3:      cheibrodos_fertilizer, layout_loops_cross,
          nicolae_dithmenos_through_a_glass_darkly, roderic_serpentine_path
D:4:      layout_cave_pods, uniq_menkaure
D:5:      layout_basic, portal_sewer_entry_a
D:6:      layout_basic, lemuel_round_altar

Skill      XL: |  1  2  3  4  5  6  7  8  9 |
---------------+----------------------------+-----
Transmutations | 2 3 4 |  4.2
Spellcasting   | 5 6 |  6.6
Invocations    | 1 2 3 4 |  4.7
Fighting       | 1 2 3 4 |  4.2
Short Blades   | 1 2 3 4 |  4.2
Long Blades    | 1 2 3 4 |  4.2
Axes           | 1 2 3 4 |  4.2
Maces & Flails | 1 2 3 4 |  4.2
Polearms       | 1 2 3 4 |  4.2
Staves         | 1 2 3 4 |  4.2
Ranged Weapons | 1 2 3 4 |  4.2
Throwing       | 1 2 3 4 |  4.2
Armour         | 1 2 3 4 |  4.2
Shields        | 1 2 3 4 |  4.2
Unarmed Combat | 1 2 3 4 |  4.2
Evocations     | 1 2 3 4 |  4.2
Conjurations   | 1 2 3 |  3.5
Hexes          | 1 2 3 |  3.5
Summonings     | 1 2 3 |  3.5
Necromancy     | 1 2 3 |  3.5
Translocations | 1 2 3 |  3.5
Fire Magic     | 1 2 3 |  3.5
Ice Magic      | 1 2 3 |  3.5
Air Magic      | 1 2 3 |  3.5
Poison Magic   | 1 2 3 |  3.5
Dodging        | 5 6 |  6.3
Stealth        | 5 6 |  6.0
Earth Magic    | 6 |  6.5

Action                   |  1- 3 |  4- 6 |  7- 9 || total
-------------------------+-------+-------+-------++-------
Melee: Short sword       |    10 |       |       ||    10
       Bite              |     1 |    12 |    27 ||    40
       Punch             |     1 |     1 |     6 ||     8
       Spear             |       |   117 |   309 ||   426
       Whip              |       |     1 |       ||     1
 Cast: Sandblast         |    65 |    24 |    10 ||    99
       Stone Arrow       |       |    10 |    38 ||    48
       Passwall          |       |       |     1 ||     1
  Use: Scroll            |     4 |     7 |     8 ||    19
       Potion            |       |     3 |     3 ||     6
 Stab: Distracted        |     1 |       |       ||     1
       Sleeping          |       |     4 |    10 ||    14
Armor: Robe              |    10 |    20 |    13 ||    43
       Leather armour    |       |       |    10 ||    10
Dodge: Dodged            |    27 |    78 |   183 ||   288
